 Dungeon Crawl Stone Soup version 0.28.0-45-g0d030f2227 (webtiles) character file.

Game seed: 16801914480999977724

541 Icepheonix32 the Slasher (level 7, -1/52 HPs)
             Began as a Demonspawn Fighter on Apr 16, 2022.
             Slain by an ogre
             ... wielding a +0 giant club
              (33 damage)
             ... on level 4 of the Dungeon.
             The game lasted 00:02:28 (3056 turns).

Icepheonix32 the Slasher (Demonspawn Fighter)       Turns: 3056, Time: 00:02:29

Health: -1/52      AC:  7    Str: 18    XL:     7   Next: 5%
Magic:  7/7        EV: 10    Int:  9    God:
Gold:   90         SH:  5    Dex: 13    Spells: 6/6 levels left

rFire   . . .      SeeInvis .   a - +0 long sword
rCold   . . .      Faith    .   c - +0 buckler
rNeg    . . .      Spirit   .   n - +1 ring mail {Will+}
rPois   .          Reflect  .   (helmet restricted)
rElec   .          Harm     +   k - scarf {harm}
rCorr   .          Rampage  .   (no gloves)
Will    +....                   (no boots)
Stlth   +.........              (no amulet)
HPRegen 0.17/turn               (no ring)
MPRegen 0.10/turn               (no ring)

@: lethally poisoned (-1 -> -4)
A: antennae 2, sharp scales 1
a: no special abilities


You were on level 4 of the Dungeon.
You visited 1 branch of the dungeon, and saw 4 of its levels.

You collected 90 gold pieces.

Inventory:

Hand Weapons
 a - a +0 long sword (weapon)
Missiles
 p - 2 poisoned darts (quivered)
Armour
 b - a +0 scale mail
 c - a +0 buckler (worn)
 k - a scarf of harm (worn)
 m - a +3 leather armour
 n - a +1 ring mail of willpower (worn)
Magical Staves
 j - a staff of conjuration
Jewellery
 o - a ring of positive energy
 q - a +4 ring of slaying
Scrolls
 e - 2 scrolls of teleportation {unknown}
 f - 2 scrolls of identify
 g - a scroll of summoning
 r - a scroll of amnesia {unknown}
 s - a scroll of vulnerability {unknown}
Potions
 h - a potion of resistance {unknown}
 i - 2 potions of curing {unknown}
 l - 2 potions of haste


   Skills:
 + Level 3.6 Fighting
 * Level 5.0 Long Blades
 + Level 3.9 Armour
 + Level 1.8 Dodging
 + Level 0.8 Stealth
 + Level 3.6 Shields


You had 6 spell levels left.
You didn't know any spells.
Your spell library contained the following spells:

 Spells                   Type           Power      Damage    Failure   Level
 Shock                    Conj/Air       0%         1d3       67%         1
 Corpse Rot               Necr/Air       0%         N/A       80%         2
 Poisonous Vapours        Pois/Air       0%         N/A       80%         2
 Ozocubu's Armour         Ice            0%         N/A       95%         3
 Swiftness                Air            0%         N/A       95%         3
 Airstrike                Air            0%         N/A       100%        4
 Metabolic Englaciation   Hex/Ice        0%         N/A       100%        5
 Simulacrum               Ice/Necr       0%         N/A       100%        6
 Ozocubu's Refrigeration  Ice            0%         4d5       100%        7


Dungeon Overview and Level Annotations

Branches:
Dungeon (4/15)
 Temple: D:4-7

Altars:
Trog


Innate Abilities, Weirdness & Mutations

You have a pair of antennae on your head.
You are partially covered in razor-sharp scales. (AC +1, Slay +1)


Message History

You are frozen.
A quokka comes into view.
You hit the endoplasm.
The endoplasm is almost dead.
The endoplasm hits you but does no damage.
You hit the endoplasm.
You kill the endoplasm!
You slash the orc!
You kill the orc!
You barely miss the goblin.
The quokka twitches its whiskers.
The goblin hits you but does no damage.
You slash the goblin!
You kill the goblin!
The adder bites you but does no damage.
You barely miss the adder. You block the adder's attack. x2
You miss the adder. The adder bites you.
You are poisoned.
The adder poisons you!
You closely miss the adder.
You feel sick. The adder barely misses you.
You hit the adder.
The adder is heavily wounded.
You feel sick. You block the adder's attack. The adder bites you.
You are more poisoned.
The adder poisons you!
An ogre comes into view. It is wielding a +0 giant club.
The ogre shouts!
You slash the adder!
You kill the adder!
You feel very sick.
Your Long Blades skill increases to level 5!
You hit the quokka.
You kill the quokka!
You feel sick.
You feel sick.
You feel sick.
You barely miss the ogre.
You feel sick.
The ogre hits you with a +0 giant club!!
Ouch! That really hurt!
You die...

#.... #....## #.....#
## #####.....# ...
#.........# ....
.........###### .....
..##...........##......
............O@.')......
...$#<.....(.#####..# .
#........# +.####...#
...# +...# .....# #...#
#....# ##### ######


You could see an ogre.

Vanquished Creatures
  Grinder (D:4)
  Sigmund (D:2)
  A hound (D:4)
  Jessica (D:3)
  4 adders
  A white imp (D:3)
  A worm (D:3)
  An orc (D:4)
  6 ball pythons
  11 bats
  5 endoplasms
  2 giant cockroaches
  9 goblins
  7 hobgoblins
  6 jackals (D:1)
  5 quokkas
  3 frilled lizards
  5 kobolds
  3 rats
  A bush (D:3)
74 creatures vanquished.

Vanquished Creatures (others)
  2 plants (D:3)
2 creatures vanquished.

Grand Total: 76 creatures vanquished

Notes
Turn   | Place    | Note
-------+----------+-------------------------------------------
     0 | D:1      | Icepheonix32 the Demonspawn Fighter began the quest for the
                  | Orb.
     0 | D:1      | Reached XP level 1. HP: 18/18 MP: 1/1
   251 | D:1      | Reached skill level 2 in Long Blades
   251 | D:1      | Gained mutation: You are partially covered in razor-sharp
                  | scales. (AC +1, Slay +1) [demonic ancestry]
   251 | D:1      | Reached XP level 2. HP: 23/24 MP: 2/2
   580 | D:1      | Gained mutation: You have a pair of small antennae on your
                  | head. [demonic ancestry]
   580 | D:1      | Reached XP level 3. HP: 29/29 MP: 3/3
  1025 | D:2      | Noticed Sigmund
  1025 | D:2      | Found a bloodstained altar of Trog.
  1440 | D:2      | Reached skill level 3 in Long Blades
  1447 | D:2      | Gained mutation: You have a pair of antennae on your head.
                  | [demonic ancestry]
  1447 | D:2      | Reached XP level 4. HP: 30/35 MP: 4/4
  1515 | D:2      | Killed Sigmund
  1516 | D:2      | Reached skill level 4 in Long Blades
  1516 | D:2      | Reached skill level 1 in Dodging
  1516 | D:2      | Reached XP level 5. HP: 24/41 MP: 5/5
  2663 | D:3      | Noticed Jessica
  2667 | D:3      | Killed Jessica
  2668 | D:3      | Reached XP level 6. HP: 47/47 MP: 6/6
  2937 | D:4      | Noticed Grinder
  2944 | D:4      | Killed Grinder
  3040 | D:4      | Reached XP level 7. HP: 44/52 MP: 7/7
  3053 | D:4      | Reached skill level 5 in Long Blades
  3056 | D:4      | Slain by an ogre

Illustrated notes

Levels and vault maps discovered:
D:1:      ncdulo_lavacross, layout_loops_cross
D:2:      layout_rooms, basic_altar, chequers_avenue,
          chequers_serial_rivers_large_a, uniq_sigmund
D:3:      layout_basic, serial_forest, infiniplex_forest_split,
          infiniplex_forest_clump_curved, infiniplex_forest_zigzag_2,
          infiniplex_forest_fountain, infiniplex_forest_lined_2,
          infiniplex_forest_lined_room_, uniq_jessica
D:4:      layout_basic, supply_closet_lemuel, kennysheep_generic_room_2,
          uniq_ijyb, uniq_grinder

Skill      XL: |  1  2  3  4  5  6  7 |
---------------+----------------------+-----
Shields        | 3 |  3.6
Long Blades    | 2 3 4 5 |  5.0
Armour         | 3 |  3.9
Dodging        | 1 |  1.8
Fighting       | |  3.6
Stealth        | |  0.8

Action                   |  1- 3 |  4- 6 |  7- 9 || total
-------------------------+-------+-------+-------++-------
Melee: Long sword        |   121 |   116 |    15 ||   252
  Use: Potion            |       |     2 |       ||     2
       Scroll            |       |     2 |       ||     2
Armor: Scale mail        |    53 |       |       ||    53
       Leather armour    |     4 |     2 |       ||     6
       Ring mail         |       |    23 |     5 ||    28
Dodge: Dodged            |    54 |    35 |     1 ||    90
Block: Buckler           |    31 |    24 |     4 ||    59
